 Dungeon Crawl Stone Soup version 0.28.0-62-gf88900778d (webtiles) character file.

Game seed: 5661470876080979073

81 Froggeryz the Cudgeller (level 4, 0/34 HPs)
             Began as a Demonspawn Gladiator on Jan 29, 2024.
             Slain by Ijyb
             ... wielding a +0 dagger of venom
              (2 damage)
             ... on level 3 of the Dungeon.
             The game lasted 00:01:56 (2862 turns).

Froggeryz the Cudgeller (Demonspawn Gladiator)      Turns: 2862, Time: 00:01:57

Health: 0/34       AC:  4    Str: 17    XL:     4   Next: 19%
Magic:  4/4        EV: 12    Int:  9    God:
Gold:   73         SH:  0    Dex: 14    Spells: 3/3 levels left

rFire   . . .      SeeInvis .   a - +0 flail
rCold   . . .      Faith    .   (no shield)
rNeg    . . .      Spirit   .   b - +0 leather armour
rPois   .          Reflect  .   c - +0 helmet
rElec   .          Harm     .   (no cloak)
rCorr   .          Rampage  .   (no gloves)
Will    .....                   (no boots)
Stlth   +.........              (no amulet)
HPRegen 0.11/turn               (no ring)
MPRegen 0.09/turn               (no ring)

@: lethally poisoned (0 -> -23), flying
A: weakness stinger 1
a: no special abilities


You were on level 3 of the Dungeon.
You visited 1 branch of the dungeon, and saw 3 of its levels.

You collected 73 gold pieces.

Inventory:

Hand Weapons
 a - a +0 flail (weapon)
Missiles
 d - 5 throwing nets
 g - 3 boomerangs
 j - 6 javelins
 k - 9 poisoned darts (quivered)
Armour
 b - a +0 leather armour (worn)
 c - a +0 helmet (worn)
Jewellery
 o - a ring of magical power
Scrolls
 e - a scroll of blinking {unknown}
 f - a scroll of noise {unknown}
 p - a scroll of amnesia {unknown}
Potions
 i - a potion of cancellation {unknown}
 l - a potion of heal wounds {unknown}
 m - a potion of lignification {unknown}


   Skills:
 + Level 2.8 Fighting
 * Level 3.7 Maces & Flails
 - Level 1.7 Throwing
 + Level 1.5 Armour
 - Level 2.6 Dodging


You had 3 spell levels left.
You didn't know any spells.
Your spell library contained the following spells:

 Spells                   Type           Power      Damage    Failure   Level
 Animate Skeleton         Necr           0%         N/A       43%         1
 Apportation              Tloc           0%         N/A       43%         1
 Pain                     Necr           0%         1d4       43%         1
 Summon Small Mammal      Summ           0%         N/A       43%         1
 Corpse Rot               Necr/Air       0%         N/A       58%         2
 Poisonous Vapours        Pois/Air       0%         N/A       58%         2
 Vampiric Draining        Necr           0%         2d6       82%         3


Dungeon Overview and Level Annotations

Branches:
Dungeon (3/15)

Altars:

Shops:
D:1 [

Annotations:
D:3 Ijyb


Innate Abilities, Weirdness & Mutations

You have a small tail.


Message History

You see here a +0 dagger.
p - a scroll labelled NECANWOOGG
k - 9 poisoned darts (gained 2)
Found a robe.
You see here a +0 robe.
Found an escape hatch in the ceiling.
Found a ring mail.
You see here a +0 ring mail.
Found a stone staircase leading up.
You open the door.
Ijyb the Twisted Goblin comes into view.
She is wielding a +0 dagger of venom, wearing a +3 leather armour of positive energy and carrying a wand of paralysis (9).
Ijyb shouts!
Ijyb is nearby!
You hit Ijyb. You tail-slap Ijyb.
Ijyb is moderately wounded.
Ijyb screams, "Level is mine!
All mine!"
Ijyb hits you with a +0 dagger of venom.
You are poisoned.
You aren't carrying any items that you can evoke.
It was a potion of magic.
Magic courses through your body.
You feel sick.
Ijyb hits you with a +0 dagger of venom.
You are more poisoned.
You closely miss Ijyb. You tail-slap Ijyb, but do no damage.
Ijyb is moderately wounded.
You feel very sick.
Ijyb hits you with a +0 dagger of venom.
You are lethally poisoned!
You hit Ijyb.
Your tail-slap misses Ijyb.
Ijyb is moderately wounded.
You feel very sick.
Ijyb hits you with a +0 dagger of venom.
* * * LOW HITPOINT WARNING * * *
You are more poisoned.
It was a potion of flight.
You feel very buoyant.
You fly up into the air.
* * * LOW HITPOINT WARNING * * *
You feel very sick.
Ijyb hits you with a +0 dagger of venom.
You die...

###.....##
#.#######
.....#### #.
#.......#
........#
##.#+#######.#
........#
#......# #.#
........#
#......#####.#
####+####
#.......#...#
#.......#.#.#
#......<#.###
#....@.##.#
####g#....#
...###### ####


You could see Ijyb.

Vanquished Creatures
  Robin (D:2)
  An adder (D:2)
  A dart slug (D:1)
  3 ball pythons
  5 bats
  3 endoplasms
  2 giant cockroaches (D:1)
  15 goblins
  6 hobgoblins
  A quokka (D:1)
  A frilled lizard (D:1)
  11 kobolds
  5 rats
55 creatures vanquished.

Notes
Turn   | Place    | Note
-------+----------+-------------------------------------------
     0 | D:1      | Froggeryz the Demonspawn Gladiator began the quest for the
                  | Orb.
     0 | D:1      | Reached XP level 1. HP: 16/16 MP: 1/1
   133 | D:1      | Found a faded altar of an unknown god.
   175 | D:1      | Reached skill level 3 in Maces & Flails
   183 | D:1      | Gained mutation: You have a small tail. [demonic ancestry]
   183 | D:1      | Reached XP level 2. HP: 22/22 MP: 2/2
   723 | D:1      | Found Imesiolu's Armour Shoppe.
   821 | D:1      | Reached skill level 1 in Armour
  1215 | D:2      | Noticed Robin
  1288 | D:1      | Reached XP level 3. HP: 6/28 MP: 3/3
  1785 | D:2      | Killed Robin
  2149 | D:2      | Reached XP level 4. HP: 34/34 MP: 4/4
  2857 | D:3      | Noticed Ijyb
  2862 | D:3      | Slain by Ijyb

Illustrated notes

Levels and vault maps discovered:
D:1:      lemuel_arrival_lava_pool, layout_basic, serial_shops, shop,
          hellmonk_ecumenical_altar_run_dry
D:2:      layout_rooms, minmay_tripent, uniq_robin
D:3:      cheibrodos_thug_alley, layout_basic,
          nicolae_concentric_dashed_squares_wild, kennysheep_generic_room_16,
          uniq_ijyb

Skill      XL: |  1  2 |
---------------+-------+-----
Maces & Flails | 3 |  3.7
Armour         | 1 |  1.5
Fighting       | |  2.8
Throwing       | |  1.7
Dodging        | |  2.6

Action                   |  1- 3 |  4- 6 || total
-------------------------+-------+-------++-------
Melee: Flail             |    92 |    40 ||   132
       Tailslap          |    10 |     4 ||    14
       Punch             |     1 |       ||     1
  Use: Potion            |       |     2 ||     2
 Stab: Sleeping          |     1 |       ||     1
Armor: Leather armour    |    30 |    17 ||    47
Dodge: Dodged            |    63 |    29 ||    92
